[ AOE2 MATCH · #463515590 ]
Team RMFranks vs Bohemians
[ REPLAY ANALYSIS · EXTRACTED FROM THE RECORDED GAME ]
Feudal
10:04
Castle
22:35
Imperial
—
| APM avg | 12.6 |
| APM peak | 41 |
| eAPM avg | 6.5 |
| Villagers / military | 85 / 64 |
Focus
⚔️ 14.3% · 🌾 85.7%
Knight ×50 · Spearman ×11 · Scout Cavalry ×3
Feudal
10:59
Castle
23:20
Imperial
34:03
| APM avg | 21.9 |
| APM peak | 42 |
| eAPM avg | 13.1 |
| Villagers / military | 87 / 125 |
Focus
⚔️ 20.6% · 🌾 79.4%
Knight ×118 · Scout Cavalry ×4 · Spearman ×3
Feudal
11:38
Castle
23:30
Imperial
37:16
| APM avg | 17.8 |
| APM peak | 34 |
| eAPM avg | 10.8 |
| Villagers / military | 133 / 128 |
Focus
⚔️ 23.9% · 🌾 76.1%
Spearman ×64 · Knight ×44 · Teutonic Knight ×17 · Trebuchet (Packed) ×3
Feudal
11:21
Castle
24:20
Imperial
49:37
| APM avg | 27.6 |
| APM peak | 58 |
| eAPM avg | 11.4 |
| Villagers / military | 66 / 117 |
Focus
⚔️ 27.8% · 🌾 72.2%
Spearman ×42 · Skirmisher ×41 · Hussite Wagon ×34
Feudal
16:29
Castle
22:13
Imperial
35:52
| APM avg | 17.6 |
| APM peak | 58 |
| eAPM avg | 13.6 |
| Villagers / military | 131 / 175 |
Focus
⚔️ 38.0% · 🌾 62.0%
Spearman ×76 · Knight ×74 · Coustillier ×19 · Trebuchet (Packed) ×6
Feudal
9:28
Castle
18:59
Imperial
37:16
| APM avg | 42.5 |
| APM peak | 75 |
| eAPM avg | 15.0 |
| Villagers / military | 148 / 175 |
Focus
⚔️ 39.3% · 🌾 60.7%
Archer ×114 · Scout Cavalry ×54 · Trebuchet (Packed) ×6 · Monk ×1
Match map
Initial resources + every placement click. Lines = walls · curves = elevation contours. ◆ gold · ⬟ stone · ● berries · ✦ relic · ◌ wall gap
Your base· Open — 9t gap
Haerendeil's base· Open — unwalled flank
Louis087577's base· ✓ Closed at 23:30 · 79t walls · no gate
PriPri's base· Open — unwalled flank
ozcelik.huseyin's base· Open — unwalled flank
Babou08's base· Open — 1t gap
Smoothed initial terrain · ◌ = detected wall gap · hover for details
Inputs per minute
— Ted08 - - Haerendeil
Build order — Ted08
First 150 of 210 actions detected
| 0:05 | Build | House |
| 0:09 | Build | House |
| 0:11 | Create | Villager (Male) ×4 |
| 1:59 | Build | Lumber Camp |
| 2:21 | Create | Villager (Male) |
| 2:22 | Create | Villager (Male) |
| 2:37 | Create | Villager (Male) |
| 3:21 | Build | House |
| 3:27 | Create | Villager (Male) |
| 3:46 | Create | Villager (Male) |
| 4:03 | Create | Villager (Male) |
| 4:17 | Create | Villager (Male) |
| 5:03 | Create | Villager (Male) |
| 5:34 | Create | Villager (Male) |
| 5:53 | Create | Villager (Male) |
| 6:24 | Build | Mill |
| 6:37 | Create | Villager (Male) |
| 6:38 | Create | Villager (Male) |
| 6:39 | Research | Loom |
| 7:54 | Research | Feudal Age |
| 8:17 | Create | Villager (Male) |
| 8:28 | Build | Barracks |
| 10:04 | Age | Feudal Age |
| 10:07 | Build | Stable |
| 10:11 | Create | Villager (Male) |
| 10:24 | Build | House |
| 10:29 | Build | House |
| 10:44 | Build | House |
| 11:04 | Create | Scout Cavalry ×3 |
| 11:28 | Create | Villager (Male) |
| 11:44 | Build | Palisade Wall |
| 11:48 | Build | Palisade Gate |
| 11:51 | Create | Villager (Male) |
| 11:55 | Build | Farm |
| 11:58 | Build | Farm |
| 12:00 | Create | Villager (Male) |
| 12:06 | Build | House |
| 12:18 | Build | Palisade Wall |
| 12:34 | Build | House |
| 12:38 | Create | Villager (Male) |
| 12:41 | Build | Farm |
| 12:43 | Build | Farm |
| 13:10 | Create | Villager (Male) |
| 13:30 | Create | Villager (Male) |
| 13:32 | Build | Farm |
| 13:45 | Build | Blacksmith |
| 13:50 | Build | House |
| 13:52 | Create | Villager (Male) |
| 13:55 | Build | House |
| 14:07 | Build | Farm |
| 14:10 | Build | Farm |
| 14:13 | Create | Villager (Male) |
| 14:24 | Build | Farm |
| 15:19 | Build | House |
| 15:22 | Build | House |
| 15:24 | Create | Villager (Male) |
| 15:24 | Create | Villager (Male) |
| 16:29 | Build | Mining Camp |
| 16:41 | Create | Spearman |
| 16:41 | Create | Spearman |
| 17:46 | Build | House |
| 17:55 | Build | House |
| 17:58 | Create | Villager (Male) |
| 18:05 | Build | Farm |
| 18:09 | Build | Farm |
| 18:18 | Build | House |
| 18:53 | Build | House |
| 19:00 | Create | Spearman |
| 19:00 | Create | Spearman |
| 19:30 | Create | Villager (Male) |
| 19:35 | Research | Castle Age |
| 19:46 | Build | Stone Wall |
| 20:02 | Build | House |
| 20:21 | Build | Mining Camp |
| 20:41 | Build | House |
| 20:43 | Build | House |
| 20:46 | Build | House |
| 21:01 | Build | Farm |
| 21:03 | Build | Farm |
| 21:44 | Build | Stable |
| 21:58 | Research | Scale Barding Armor |
| 21:58 | Research | Forging |
| 22:02 | Create | Villager (Male) |
| 22:35 | Age | Castle Age |
| 22:49 | Build | Town Center |
| 23:08 | Research | Husbandry |
| 23:09 | Create | Knight ×3 |
| 23:09 | Create | Knight |
| 23:20 | Build | Farm |
| 23:28 | Create | Villager (Male) |
| 23:53 | Create | Villager (Male) |
| 23:58 | Build | Farm |
| 24:08 | Research | Gold Mining |
| 24:28 | Build | Farm |
| 24:29 | Create | Villager (Male) |
| 24:37 | Create | Villager (Male) |
| 24:49 | Create | Villager (Male) |
| 24:53 | Create | Villager (Male) |
| 24:59 | Build | Farm |
| 25:09 | Create | Villager (Male) |
| 25:38 | Build | Farm |
| 25:40 | Create | Villager (Male) |
| 25:42 | Create | Villager (Male) |
| 26:34 | Build | Farm |
| 26:36 | Build | Farm |
| 26:38 | Create | Villager (Male) |
| 26:39 | Create | Villager (Male) |
| 26:43 | Build | Farm |
| 28:00 | Create | Villager (Male) |
| 28:00 | Create | Villager (Male) |
| 28:03 | Create | Villager (Male) |
| 28:04 | Create | Villager (Male) |
| 28:08 | Research | Pikeman (upgrade) |
| 28:09 | Create | Spearman ×5 |
| 28:41 | Create | Villager (Male) |
| 29:24 | Create | Villager (Male) |
| 29:44 | Create | Villager (Male) |
| 29:45 | Create | Villager (Male) |
| 29:47 | Build | Farm |
| 29:48 | Build | Farm |
| 29:50 | Create | Villager (Male) |
| 30:02 | Create | Villager (Male) |
| 30:23 | Create | Villager (Male) |
| 30:25 | Create | Villager (Male) |
| 30:33 | Create | Spearman |
| 30:33 | Create | Spearman |
| 30:49 | Research | Double-Bit Axe |
| 31:00 | Create | Villager (Male) |
| 31:02 | Create | Villager (Male) |
| 31:11 | Create | Villager (Male) |
| 31:40 | Build | Town Center |
| 31:50 | Create | Villager (Male) |
| 31:55 | Build | Farm |
| 32:01 | Build | Farm |
| 32:16 | Create | Knight ×5 |
| 32:33 | Create | Villager (Male) |
| 32:34 | Create | Villager (Male) |
| 33:14 | Build | Farm |
| 33:19 | Create | Villager (Male) |
| 33:19 | Create | Villager (Male) |
| 33:20 | Research | Wheelbarrow |
| 33:34 | Build | Castle |
| 33:46 | Create | Knight ×3 |
| 34:23 | Research | Town Watch |
| 34:24 | Create | Villager (Male) ×4 |
| 34:30 | Build | Farm |
| 34:31 | Build | Farm |
| 35:06 | Create | Villager (Male) |
| 35:09 | Create | Villager (Male) |
| 35:12 | Research | Bow Saw |
Build order — Haerendeil
First 150 of 262 actions detected
| 0:04 | Create | Villager (Male) |
| 0:05 | Research | Loom |
| 0:05 | Create | Villager (Male) |
| 0:17 | Build | House |
| 0:17 | Build | House |
| 0:28 | Create | Villager (Male) |
| 0:28 | Create | Villager (Male) |
| 0:35 | Build | House |
| 0:37 | Build | House |
| 1:05 | Build | Mill |
| 1:47 | Create | Villager (Male) |
| 2:20 | Create | Villager (Male) |
| 2:53 | Create | Villager (Male) |
| 3:17 | Create | Villager (Male) |
| 3:38 | Create | Villager (Male) |
| 4:14 | Create | Villager (Male) |
| 4:14 | Create | Villager (Male) |
| 4:38 | Create | Villager (Male) |
| 5:29 | Create | Villager (Male) |
| 5:29 | Create | Villager (Male) |
| 5:38 | Create | Villager (Male) |
| 5:57 | Build | Lumber Camp |
| 6:03 | Create | Villager (Male) |
| 6:52 | Create | Villager (Male) |
| 7:02 | Create | Villager (Male) |
| 7:20 | Create | Villager (Male) |
| 8:04 | Create | Villager (Male) |
| 8:28 | Research | Feudal Age |
| 8:39 | Build | Mill |
| 9:25 | Build | Mill |
| 9:38 | Create | Villager (Male) |
| 9:38 | Create | Villager (Male) |
| 10:38 | Build | Barracks |
| 10:51 | Build | House |
| 10:52 | Build | House |
| 10:53 | Build | House |
| 10:59 | Age | Feudal Age |
| 11:51 | Create | Villager (Male) |
| 11:51 | Create | Villager (Male) |
| 11:55 | Build | Stable |
| 12:22 | Build | Mining Camp |
| 12:38 | Create | Villager (Male) |
| 12:38 | Create | Villager (Male) |
| 12:45 | Build | Farm |
| 12:47 | Build | Farm |
| 12:58 | Create | Scout Cavalry |
| 12:58 | Create | Scout Cavalry |
| 12:58 | Create | Scout Cavalry |
| 13:21 | Build | Farm |
| 13:23 | Build | Farm |
| 13:24 | Build | Farm |
| 13:25 | Build | Farm |
| 13:26 | Build | Farm |
| 13:27 | Build | Farm |
| 13:34 | Create | Villager (Male) |
| 13:34 | Create | Villager (Male) |
| 13:35 | Create | Villager (Male) |
| 13:38 | Create | Scout Cavalry |
| 13:48 | Build | Farm |
| 13:49 | Build | Farm |
| 14:12 | Create | Villager (Male) |
| 14:17 | Build | Farm |
| 14:20 | Build | Farm |
| 14:26 | Create | Villager (Male) |
| 14:49 | Build | Farm |
| 14:51 | Build | Farm |
| 14:53 | Build | Farm |
| 14:54 | Build | Farm |
| 14:59 | Create | Villager (Male) |
| 15:19 | Create | Spearman |
| 15:19 | Create | Spearman |
| 15:19 | Create | Spearman |
| 15:38 | Create | Villager (Male) |
| 15:45 | Build | House |
| 15:46 | Build | House |
| 15:50 | Build | House |
| 16:38 | Create | Villager (Male) |
| 16:38 | Create | Villager (Male) |
| 17:07 | Create | Villager (Male) |
| 17:07 | Create | Villager (Male) |
| 17:12 | Build | Farm |
| 17:13 | Build | Farm |
| 17:14 | Build | Farm |
| 17:16 | Build | Farm |
| 17:18 | Build | Farm |
| 17:24 | Build | Farm |
| 18:00 | Build | Farm |
| 18:01 | Build | Farm |
| 18:10 | Create | Villager (Male) |
| 19:05 | Create | Villager (Male) |
| 19:40 | Create | Villager (Male) |
| 19:47 | Build | Blacksmith |
| 20:01 | Research | Double-Bit Axe |
| 20:07 | Research | Gold Mining |
| 20:40 | Research | Castle Age |
| 20:44 | Research | Forging |
| 21:03 | Build | Mining Camp |
| 22:29 | Build | Stable |
| 22:31 | Build | Stable |
| 22:47 | Create | Villager (Male) |
| 22:47 | Create | Villager (Male) |
| 22:48 | Create | Villager (Male) |
| 22:49 | Create | Villager (Male) |
| 23:20 | Age | Castle Age |
| 23:23 | Build | Town Center |
| 23:30 | Create | Knight ×5 |
| 23:44 | Create | Knight |
| 23:44 | Create | Knight |
| 23:52 | Create | Villager (Male) |
| 23:52 | Create | Villager (Male) |
| 23:55 | Research | Husbandry |
| 23:57 | Research | Scale Barding Armor |
| 24:24 | Build | House |
| 24:24 | Build | House |
| 24:26 | Build | House |
| 24:27 | Build | House |
| 24:43 | Build | Town Center |
| 24:55 | Research | Wheelbarrow |
| 24:55 | Research | Town Watch |
| 25:24 | Research | Stone Mining |
| 25:26 | Create | Villager (Male) |
| 25:27 | Research | Bow Saw |
| 25:58 | Create | Villager (Male) |
| 26:04 | Build | Farm |
| 26:06 | Build | Farm |
| 26:08 | Build | Farm |
| 26:12 | Create | Villager (Male) |
| 26:12 | Create | Villager (Male) |
| 26:13 | Create | Villager (Male) |
| 26:45 | Research | Hand Cart |
| 26:50 | Research | Hand Cart |
| 28:26 | Create | Knight ×5 |
| 29:41 | Build | Castle |
| 30:53 | Research | Imperial Age |
| 31:29 | Build | Farm |
| 31:30 | Build | Farm |
| 31:31 | Build | Farm |
| 31:32 | Build | Farm |
| 31:33 | Build | Farm |
| 31:45 | Create | Villager (Male) |
| 31:45 | Create | Villager (Male) |
| 31:46 | Create | Villager (Male) |
| 31:46 | Create | Villager (Male) |
| 31:50 | Build | Farm |
| 31:51 | Build | Farm |
| 31:52 | Build | Farm |
| 31:53 | Build | Farm |
| 31:59 | Create | Villager (Male) |
| 31:59 | Create | Villager (Male) |
| 31:59 | Create | Villager (Male) |
Build order — Louis087577
First 150 of 307 actions detected
| 0:08 | Build | House |
| 0:10 | Create | Villager (Male) |
| 0:11 | Create | Villager (Male) |
| 0:42 | Create | Villager (Male) |
| 0:42 | Create | Villager (Male) |
| 1:34 | Create | Villager (Male) |
| 1:56 | Create | Villager (Male) |
| 2:10 | Build | House |
| 2:13 | Research | Loom |
| 2:14 | Create | Villager (Male) |
| 2:15 | Create | Villager (Male) |
| 2:43 | Build | House |
| 2:45 | Create | Villager (Male) |
| 2:54 | Build | Lumber Camp |
| 3:21 | Build | Palisade Wall |
| 3:24 | Create | Villager (Male) |
| 3:35 | Create | Villager (Male) |
| 4:36 | Build | Palisade Gate |
| 4:39 | Create | Villager (Male) |
| 4:40 | Create | Villager (Male) |
| 5:18 | Build | Palisade Wall |
| 5:27 | Create | Villager (Male) |
| 5:27 | Create | Villager (Male) |
| 5:44 | Build | Palisade Wall |
| 6:03 | Create | Villager (Male) |
| 6:18 | Create | Villager (Male) |
| 6:54 | Build | House |
| 7:18 | Create | Villager (Male) |
| 7:31 | Create | Villager (Male) |
| 7:31 | Create | Villager (Male) |
| 7:44 | Build | Mill |
| 8:00 | Build | Palisade Wall |
| 8:40 | Build | House |
| 8:50 | Create | Villager (Male) |
| 9:28 | Research | Feudal Age |
| 9:39 | Build | House |
| 10:33 | Build | Barracks |
| 10:46 | Create | Villager (Male) |
| 10:46 | Create | Villager (Male) |
| 10:47 | Create | Villager (Male) |
| 10:47 | Create | Villager (Male) |
| 11:38 | Age | Feudal Age |
| 11:42 | Research | Double-Bit Axe |
| 11:54 | Build | Stable |
| 12:31 | Create | Villager (Male) |
| 12:31 | Create | Villager (Male) |
| 12:58 | Build | Blacksmith |
| 13:25 | Create | Villager (Male) |
| 13:25 | Create | Villager (Male) |
| 14:10 | Build | Palisade Wall |
| 14:13 | Create | Villager (Male) |
| 14:13 | Create | Villager (Male) |
| 14:43 | Build | House |
| 15:10 | Create | Villager (Male) |
| 15:10 | Create | Villager (Male) |
| 15:22 | Build | House |
| 15:28 | Build | Farm |
| 15:30 | Build | Farm |
| 15:32 | Build | Farm |
| 15:34 | Build | Farm |
| 15:39 | Build | Farm |
| 15:41 | Build | Farm |
| 15:43 | Build | Farm |
| 15:45 | Build | Farm |
| 15:48 | Build | Farm |
| 15:52 | Build | Farm |
| 15:55 | Build | Farm |
| 15:58 | Build | Farm |
| 16:03 | Build | Farm |
| 16:06 | Build | Farm |
| 16:10 | Build | Farm |
| 16:16 | Build | Farm |
| 16:19 | Create | Villager (Male) |
| 16:37 | Build | Farm |
| 16:40 | Build | Farm |
| 16:43 | Build | Farm |
| 16:45 | Build | Farm |
| 16:50 | Build | Farm |
| 16:55 | Build | Farm |
| 16:57 | Create | Villager (Male) |
| 17:07 | Build | Farm |
| 17:10 | Build | Farm |
| 17:19 | Research | Wheelbarrow |
| 17:32 | Research | Horse Collar |
| 17:38 | Build | Farm |
| 17:45 | Build | Farm |
| 17:48 | Create | Villager (Male) |
| 18:04 | Build | Stable |
| 18:19 | Build | Mining Camp |
| 18:29 | Build | Palisade Wall |
| 18:54 | Create | Villager (Male) |
| 18:57 | Create | Spearman |
| 18:58 | Create | Spearman |
| 18:58 | Create | Spearman |
| 19:06 | Research | Gold Mining |
| 19:08 | Create | Villager (Male) |
| 19:16 | Build | Farm |
| 19:35 | Create | Villager (Male) |
| 19:39 | Build | Farm |
| 19:45 | Build | Farm |
| 20:01 | Create | Spearman |
| 20:13 | Build | Farm |
| 20:17 | Research | Town Watch |
| 20:26 | Build | House |
| 20:29 | Build | House |
| 20:32 | Build | House |
| 20:50 | Research | Castle Age |
| 21:17 | Build | Stable |
| 21:20 | Create | Spearman |
| 21:53 | Create | Spearman |
| 21:53 | Create | Spearman |
| 22:33 | Build | House |
| 22:43 | Research | Bloodlines |
| 22:47 | Research | Scale Barding Armor |
| 22:48 | Research | Forging |
| 23:25 | Build | House |
| 23:30 | Create | Villager (Male) |
| 23:30 | Age | Castle Age |
| 23:30 | Create | Villager (Male) |
| 23:31 | Create | Villager (Male) |
| 23:31 | Create | Villager (Male) |
| 23:31 | Create | Villager (Male) |
| 23:35 | Research | Bow Saw |
| 23:44 | Research | Pikeman (upgrade) |
| 23:59 | Research | Heavy Plow |
| 24:06 | Create | Villager (Male) |
| 24:06 | Create | Villager (Male) |
| 24:23 | Research | Stone Mining |
| 24:27 | Create | Villager (Male) |
| 24:27 | Create | Villager (Male) |
| 24:32 | Create | Spearman |
| 24:32 | Create | Spearman |
| 24:36 | Research | Squires |
| 24:37 | Create | Spearman |
| 24:37 | Create | Spearman |
| 24:38 | Create | Spearman |
| 24:52 | Create | Villager (Male) |
| 24:52 | Create | Villager (Male) |
| 25:17 | Create | Spearman |
| 25:18 | Create | Spearman |
| 25:55 | Build | Town Center |
| 26:21 | Create | Villager (Male) |
| 26:21 | Create | Villager (Male) |
| 26:38 | Research | Hand Cart |
| 26:43 | Create | Villager (Male) |
| 26:43 | Research | Hand Cart |
| 26:58 | Build | Farm |
| 27:38 | Create | Knight |
| 27:38 | Create | Knight |
| 27:38 | Create | Knight |
Build order — PriPri
First 150 of 212 actions detected
| 0:02 | Create | Villager (Male) ×4 |
| 0:05 | Build | House |
| 0:08 | Build | House |
| 1:48 | Create | Villager (Male) |
| 2:16 | Create | Villager (Male) |
| 2:25 | Create | Villager (Male) |
| 2:47 | Build | House |
| 2:54 | Create | Villager (Male) ×2 |
| 3:45 | Create | Villager (Male) |
| 3:45 | Create | Villager (Male) |
| 4:02 | Build | Mill |
| 4:28 | Build | Lumber Camp |
| 4:34 | Create | Villager (Male) ×2 |
| 4:52 | Create | Villager (Male) |
| 5:49 | Research | Loom |
| 6:07 | Create | Villager (Male) |
| 6:09 | Create | Villager (Male) |
| 6:20 | Build | House |
| 6:39 | Create | Villager (Male) |
| 7:37 | Create | Villager (Male) |
| 8:33 | Build | Mining Camp |
| 8:46 | Create | Villager (Male) |
| 8:51 | Build | House |
| 9:11 | Research | Feudal Age |
| 9:26 | Build | Farm |
| 9:26 | Build | Farm |
| 9:27 | Build | Farm |
| 9:27 | Build | Farm |
| 9:27 | Build | Farm |
| 9:34 | Build | Farm |
| 9:56 | Build | House |
| 10:17 | Create | Villager (Male) ×3 |
| 10:54 | Build | Barracks |
| 11:21 | Age | Feudal Age |
| 11:25 | Research | Double-Bit Axe |
| 11:33 | Build | House |
| 11:49 | Build | Stone Wall |
| 12:02 | Create | Villager (Male) ×5 |
| 12:07 | Build | Farm |
| 12:16 | Build | Farm |
| 13:50 | Create | Spearman |
| 13:51 | Create | Spearman |
| 13:51 | Create | Spearman |
| 13:51 | Create | Spearman |
| 14:04 | Build | House |
| 14:47 | Build | Lumber Camp |
| 16:02 | Build | House |
| 16:20 | Build | House |
| 16:59 | Research | Wheelbarrow |
| 17:22 | Build | Archery Range |
| 17:39 | Create | Spearman ×3 |
| 17:49 | Create | Skirmisher |
| 18:20 | Build | Stone Wall |
| 18:31 | Build | Gate |
| 18:39 | Build | Stone Wall |
| 18:45 | Create | Villager (Male) ×5 |
| 18:45 | Create | Villager (Male) ×5 |
| 18:56 | Build | Blacksmith |
| 19:17 | Build | Stone Wall |
| 19:24 | Build | Gate |
| 20:34 | Build | Market |
| 21:15 | Research | Castle Age |
| 21:18 | Create | Villager (Male) ×4 |
| 21:38 | Build | Mining Camp |
| 21:54 | Create | Skirmisher ×5 |
| 22:11 | Build | Stone Wall |
| 22:24 | Build | Outpost |
| 22:30 | Create | Skirmisher |
| 22:31 | Create | Skirmisher |
| 22:31 | Create | Skirmisher |
| 22:36 | Build | Stone Wall |
| 23:38 | Research | Padded Archer Armor |
| 23:46 | Create | Skirmisher |
| 23:46 | Create | Skirmisher |
| 23:46 | Create | Skirmisher |
| 23:55 | Build | Archery Range |
| 24:20 | Age | Castle Age |
| 24:23 | Build | Mill |
| 24:25 | Build | Farm |
| 24:25 | Build | Farm |
| 24:26 | Build | Farm |
| 24:26 | Build | Farm |
| 24:44 | Build | House |
| 24:49 | Build | House |
| 24:55 | Create | Skirmisher |
| 25:15 | Build | Farm |
| 25:53 | Build | Monastery |
| 26:05 | Research | Bow Saw |
| 26:12 | Create | Skirmisher |
| 26:19 | Create | Villager (Male) ×5 |
| 26:35 | Research | Fervor |
| 26:40 | Research | Sanctity |
| 26:48 | Create | Skirmisher ×2 |
| 26:50 | Create | Skirmisher |
| 27:16 | Research | Leather Archer Armor |
| 27:53 | Research | Elite Skirmisher (upgrade) |
| 28:23 | Create | Skirmisher ×3 |
| 28:40 | Build | Stone Wall |
| 28:53 | Create | Skirmisher ×2 |
| 29:08 | Build | Castle |
| 29:19 | Create | Skirmisher |
| 30:04 | Build | Farm |
| 30:26 | Build | Mining Camp |
| 30:39 | Build | Lumber Camp |
| 31:06 | Create | Skirmisher ×5 |
| 31:06 | Create | Skirmisher ×3 |
| 32:02 | Build | Outpost |
| 32:04 | Create | Villager (Male) ×2 |
| 32:06 | Create | Villager (Male) |
| 32:08 | Build | Farm |
| 32:09 | Build | Farm |
| 32:15 | Build | Farm |
| 32:15 | Build | Farm |
| 32:16 | Build | Farm |
| 32:16 | Build | Farm |
| 32:16 | Build | Farm |
| 32:16 | Build | Farm |
| 32:17 | Build | Farm |
| 33:07 | Build | Stone Wall |
| 33:15 | Research | Pikeman (upgrade) |
| 33:23 | Build | Barracks |
| 33:24 | Build | Barracks |
| 33:54 | Research | Horse Collar |
| 33:58 | Research | Squires |
| 34:47 | Create | Hussite Wagon ×5 |
| 35:16 | Create | Spearman ×5 |
| 35:16 | Create | Spearman |
| 36:02 | Create | Spearman ×5 |
| 36:03 | Create | Spearman ×5 |
| 36:39 | Create | Hussite Wagon ×3 |
| 37:09 | Build | Stone Wall |
| 37:14 | Build | Gate |
| 37:25 | Create | Hussite Wagon ×2 |
| 37:29 | Create | Spearman ×3 |
| 37:48 | Build | Stone Wall |
| 37:51 | Build | Gate |
| 38:03 | Build | House |
| 38:03 | Build | House |
| 38:03 | Build | House |
| 38:04 | Build | House |
| 38:04 | Build | House |
| 38:04 | Build | House |
| 38:05 | Build | House |
| 38:05 | Build | House |
| 38:05 | Build | House |
| 38:06 | Build | House |
| 38:06 | Build | House |
| 38:06 | Build | House |
| 38:06 | Build | House |
| 38:10 | Create | Villager (Male) ×5 |
Build order — ozcelik.huseyin
First 150 of 490 actions detected
| 0:05 | Create | Villager (Male) |
| 0:06 | Create | Villager (Male) |
| 0:06 | Create | Villager (Male) |
| 0:06 | Create | Villager (Male) |
| 0:06 | Create | Villager (Male) |
| 0:15 | Build | House |
| 1:39 | Create | Villager (Male) |
| 1:39 | Create | Villager (Male) |
| 2:27 | Build | House |
| 2:35 | Create | Villager (Male) |
| 2:50 | Build | Mill |
| 2:53 | Create | Villager (Male) |
| 3:01 | Build | House |
| 3:03 | Build | House |
| 3:18 | Create | Villager (Male) |
| 3:36 | Create | Villager (Male) |
| 4:04 | Create | Villager (Male) |
| 4:23 | Create | Villager (Male) |
| 4:23 | Create | Villager (Male) |
| 5:01 | Create | Villager (Male) |
| 5:25 | Create | Villager (Male) |
| 5:25 | Create | Villager (Male) |
| 5:41 | Build | Lumber Camp |
| 5:46 | Create | Villager (Male) |
| 5:53 | Create | Villager (Male) |
| 6:20 | Build | House |
| 6:44 | Create | Villager (Male) |
| 6:44 | Create | Villager (Male) |
| 6:44 | Create | Villager (Male) |
| 7:08 | Research | Horse Collar |
| 7:24 | Build | House |
| 7:27 | Build | House |
| 7:40 | Research | Loom |
| 8:21 | Create | Villager (Male) |
| 8:27 | Create | Villager (Male) |
| 9:10 | Create | Villager (Male) |
| 9:10 | Create | Villager (Male) |
| 9:10 | Create | Villager (Male) |
| 9:30 | Build | Mining Camp |
| 10:02 | Create | Villager (Male) |
| 10:20 | Build | Palisade Wall |
| 10:34 | Build | Palisade Wall |
| 10:43 | Create | Villager (Male) |
| 10:53 | Build | Barracks |
| 10:57 | Create | Villager (Male) |
| 11:06 | Build | Mining Camp |
| 11:16 | Build | House |
| 11:18 | Build | House |
| 11:24 | Build | House |
| 11:42 | Build | Palisade Wall |
| 11:50 | Build | Palisade Wall |
| 11:58 | Create | Villager (Male) |
| 12:27 | Build | Farm |
| 12:35 | Build | Farm |
| 12:36 | Build | Farm |
| 12:38 | Build | Farm |
| 12:43 | Build | Farm |
| 12:45 | Build | Farm |
| 12:46 | Build | Farm |
| 12:52 | Build | Farm |
| 12:55 | Create | Villager (Male) |
| 13:32 | Build | Farm |
| 13:58 | Build | House |
| 14:19 | Research | Feudal Age |
| 14:34 | Build | Palisade Wall |
| 15:01 | Research | Double-Bit Axe |
| 15:04 | Create | Villager (Male) |
| 15:04 | Create | Villager (Male) |
| 15:05 | Create | Villager (Male) |
| 15:28 | Build | House |
| 15:30 | Build | House |
| 15:41 | Create | Villager (Male) |
| 16:04 | Build | Palisade Wall |
| 16:29 | Age | Feudal Age |
| 16:46 | Build | Market |
| 16:54 | Build | Blacksmith |
| 17:22 | Build | House |
| 17:32 | Build | House |
| 17:42 | Build | Stone Wall |
| 17:58 | Create | Villager (Male) |
| 18:13 | Build | Farm |
| 19:04 | Build | Palisade Wall |
| 19:08 | Create | Villager (Male) |
| 19:23 | Research | Castle Age |
| 19:33 | Build | House |
| 19:35 | Build | House |
| 19:36 | Build | House |
| 19:45 | Build | Farm |
| 20:15 | Research | Heavy Plow |
| 20:38 | Build | Farm |
| 20:39 | Build | Farm |
| 21:10 | Build | Stone Wall |
| 21:16 | Build | Gate |
| 21:36 | Build | Mining Camp |
| 21:40 | Create | Villager (Male) |
| 21:41 | Create | Villager (Male) |
| 21:41 | Create | Villager (Male) |
| 21:41 | Create | Villager (Male) |
| 21:42 | Create | Villager (Male) |
| 21:42 | Create | Villager (Male) |
| 21:43 | Create | Villager (Male) |
| 22:13 | Age | Castle Age |
| 22:27 | Build | Town Center |
| 22:50 | Build | Town Center |
| 22:58 | Create | Villager (Male) |
| 22:59 | Create | Villager (Male) |
| 23:24 | Build | Farm |
| 23:27 | Create | Villager (Male) |
| 23:27 | Create | Villager (Male) |
| 23:35 | Build | Farm |
| 23:39 | Create | Villager (Male) |
| 23:57 | Create | Villager (Male) |
| 23:57 | Create | Villager (Male) |
| 23:58 | Create | Villager (Male) |
| 23:58 | Create | Villager (Male) |
| 23:58 | Create | Villager (Male) |
| 23:59 | Create | Villager (Male) |
| 24:17 | Build | Castle |
| 24:19 | Create | Villager (Male) |
| 24:22 | Build | Farm |
| 24:30 | Build | Farm |
| 24:34 | Create | Villager (Male) |
| 24:35 | Create | Villager (Male) |
| 25:06 | Build | Stone Wall |
| 25:13 | Build | Farm |
| 25:20 | Build | House |
| 25:22 | Build | House |
| 25:24 | Build | House |
| 25:26 | Build | House |
| 25:34 | Create | Villager (Male) |
| 25:36 | Create | Villager (Male) |
| 25:36 | Create | Villager (Male) |
| 25:40 | Build | Farm |
| 25:42 | Create | Villager (Male) |
| 25:44 | Create | Villager (Male) |
| 25:45 | Create | Villager (Male) |
| 26:05 | Build | Mining Camp |
| 26:30 | Create | Coustillier |
| 26:30 | Create | Coustillier |
| 26:30 | Create | Coustillier |
| 26:31 | Create | Coustillier |
| 26:31 | Create | Coustillier |
| 26:31 | Create | Coustillier |
| 26:32 | Create | Coustillier |
| 26:40 | Build | Farm |
| 26:41 | Build | Farm |
| 26:44 | Build | Farm |
| 26:46 | Build | Farm |
| 27:01 | Build | Farm |
| 27:16 | Build | Farm |
Build order — Babou08
First 150 of 483 actions detected
| 0:01 | Create | Villager (Male) |
| 0:01 | Create | Villager (Male) |
| 0:01 | Create | Villager (Male) |
| 0:02 | Create | Villager (Male) |
| 0:04 | Build | House |
| 0:05 | Build | House |
| 1:28 | Create | Villager (Male) |
| 2:10 | Create | Villager (Male) |
| 2:10 | Create | Villager (Male) |
| 2:22 | Create | Villager (Male) |
| 2:23 | Create | Villager (Male) |
| 2:50 | Build | Lumber Camp |
| 2:51 | Create | Villager (Male) |
| 3:05 | Create | Villager (Male) |
| 3:05 | Create | Villager (Male) |
| 3:34 | Create | Villager (Male) |
| 3:34 | Create | Villager (Male) |
| 3:59 | Create | Villager (Male) |
| 4:09 | Build | House |
| 4:14 | Create | Villager (Male) |
| 4:15 | Create | Villager (Male) |
| 4:46 | Create | Villager (Male) |
| 4:48 | Build | Mill |
| 5:21 | Create | Villager (Male) |
| 5:30 | Create | Villager (Male) |
| 5:42 | Create | Villager (Male) |
| 6:02 | Create | Villager (Male) |
| 6:06 | Create | Villager (Male) |
| 6:14 | Research | Loom |
| 7:18 | Research | Feudal Age |
| 7:18 | Research | Feudal Age |
| 7:45 | Build | Mining Camp |
| 7:57 | Create | Villager (Male) |
| 8:19 | Build | Barracks |
| 8:23 | Create | Villager (Male) |
| 8:28 | Build | House |
| 8:30 | Build | Palisade Wall |
| 9:28 | Age | Feudal Age |
| 9:30 | Build | Archery Range |
| 9:52 | Research | Double-Bit Axe |
| 10:03 | Create | Villager (Male) |
| 10:11 | Build | Farm |
| 10:13 | Create | Villager (Male) |
| 10:20 | Build | House |
| 10:39 | Create | Archer |
| 10:40 | Create | Archer |
| 10:44 | Create | Villager (Male) |
| 10:52 | Build | Farm |
| 10:55 | Build | House |
| 11:29 | Create | Villager (Male) |
| 11:31 | Create | Archer |
| 11:40 | Build | Farm |
| 11:43 | Build | Farm |
| 11:44 | Create | Villager (Male) |
| 11:46 | Build | House |
| 11:51 | Create | Villager (Male) |
| 12:00 | Create | Villager (Male) |
| 12:04 | Build | Farm |
| 12:19 | Create | Villager (Male) |
| 12:25 | Build | Farm |
| 12:52 | Create | Villager (Male) |
| 12:55 | Build | Farm |
| 12:57 | Build | Farm |
| 12:59 | Create | Villager (Male) |
| 13:30 | Create | Villager (Male) |
| 13:32 | Build | Farm |
| 13:54 | Create | Villager (Male) |
| 13:59 | Build | Blacksmith |
| 14:00 | Build | House |
| 14:02 | Build | Palisade Wall |
| 14:06 | Build | Farm |
| 14:36 | Build | Farm |
| 14:38 | Build | Farm |
| 15:12 | Build | Farm |
| 15:24 | Build | Farm |
| 15:25 | Create | Villager (Male) |
| 15:32 | Create | Villager (Male) |
| 16:00 | Build | Farm |
| 16:06 | Build | Farm |
| 16:19 | Research | Castle Age |
| 16:26 | Build | Farm |
| 16:50 | Create | Villager (Male) |
| 16:53 | Research | Gold Mining |
| 17:06 | Build | Lumber Camp |
| 17:12 | Create | Villager (Male) |
| 17:16 | Build | Palisade Wall |
| 17:28 | Build | Palisade Gate |
| 17:33 | Build | Palisade Wall |
| 17:47 | Build | House |
| 17:52 | Build | Palisade Wall |
| 18:10 | Research | Horse Collar |
| 18:25 | Research | Fletching |
| 18:57 | Build | Archery Range |
| 18:59 | Age | Castle Age |
| 19:08 | Create | Villager (Male) |
| 19:24 | Create | Villager (Male) |
| 19:30 | Build | Palisade Wall |
| 19:33 | Research | Bow Saw |
| 19:36 | Create | Villager (Male) |
| 19:47 | Create | Archer |
| 19:48 | Create | Archer |
| 20:05 | Build | House |
| 20:14 | Create | Archer |
| 20:14 | Create | Archer |
| 20:25 | Research | Bodkin Arrow |
| 20:37 | Research | Crossbowman (upgrade) |
| 21:03 | Create | Archer |
| 21:04 | Create | Archer |
| 21:04 | Create | Archer |
| 21:04 | Create | Archer |
| 21:07 | Create | Villager (Male) |
| 21:09 | Create | Villager (Male) |
| 21:22 | Create | Archer |
| 21:22 | Create | Archer |
| 21:23 | Create | Archer |
| 21:23 | Create | Archer |
| 21:46 | Create | Archer |
| 22:05 | Create | Villager (Male) |
| 22:07 | Create | Villager (Male) |
| 22:18 | Build | House |
| 22:19 | Build | House |
| 22:49 | Research | Padded Archer Armor |
| 23:14 | Create | Villager (Male) |
| 23:22 | Build | Farm |
| 24:13 | Create | Villager (Male) |
| 24:15 | Create | Villager (Male) |
| 24:25 | Build | Town Center |
| 24:28 | Create | Villager (Male) |
| 24:31 | Create | Archer |
| 24:31 | Research | Thumb Ring |
| 24:47 | Build | House |
| 24:49 | Build | House |
| 24:51 | Create | Villager (Male) |
| 24:55 | Research | Leather Archer Armor |
| 24:59 | Create | Archer |
| 24:59 | Create | Archer |
| 25:00 | Create | Archer |
| 25:00 | Create | Archer |
| 25:00 | Create | Archer |
| 25:00 | Create | Archer |
| 25:00 | Create | Archer |
| 25:01 | Create | Archer |
| 25:08 | Create | Villager (Male) |
| 25:24 | Create | Archer |
| 25:24 | Create | Archer |
| 25:24 | Create | Archer |
| 25:25 | Create | Archer |
| 25:25 | Create | Archer |
| 25:25 | Create | Archer |
| 25:30 | Create | Villager (Male) |
Match timeline
| 3:21 | Louis087577 · wall_segment Palisade Wall x12 |
| 5:18 | Louis087577 · wall_segment Palisade Wall x4 |
| 5:44 | Louis087577 · wall_segment Palisade Wall x10 |
| 8:00 | Louis087577 · wall_segment Palisade Wall x25 |
| 8:19 | Babou08 · first_building Barracks |
| 8:28 | Ted08 · first_building Barracks |
| 8:30 | Babou08 · wall_segment Palisade Wall x1 |
| 9:28 | Babou08 · age_up feudal |
| 9:30 | Babou08 · first_building Archery Range |
| 10:04 | Ted08 · age_up feudal |
| 10:07 | Ted08 · first_building Stable |
| 10:20 | ozcelik.huseyin · wall_segment Palisade Wall x8 |
| 10:33 | Louis087577 · first_building Barracks |
| 10:34 | ozcelik.huseyin · wall_segment Palisade Wall x1 |
| 10:38 | Haerendeil · first_building Barracks |
| 10:53 | ozcelik.huseyin · first_building Barracks |
| 10:54 | PriPri · first_building Barracks |
| 10:59 | Haerendeil · age_up feudal |
| 11:21 | PriPri · age_up feudal |
| 11:38 | Louis087577 · age_up feudal |
| 11:42 | ozcelik.huseyin · wall_segment Palisade Wall x3 |
| 11:44 | Ted08 · wall_segment Palisade Wall x5 |
| 11:49 | PriPri · wall_segment Stone Wall x1 |
| 11:50 | ozcelik.huseyin · wall_segment Palisade Wall x10 |
| 11:54 | Louis087577 · first_building Stable |
| 11:55 | Haerendeil · first_building Stable |
| 12:18 | Ted08 · wall_segment Palisade Wall x7 |
| 14:02 | Babou08 · wall_segment Palisade Wall x5 |
| 14:10 | Louis087577 · wall_segment Palisade Wall x23 |
| 14:34 | ozcelik.huseyin · wall_segment Palisade Wall x11 |
| 16:04 | ozcelik.huseyin · wall_segment Palisade Wall x1 |
| 16:29 | ozcelik.huseyin · age_up feudal |
| 17:16 | Babou08 · wall_segment Palisade Wall x11 |
| 17:22 | PriPri · first_building Archery Range |
| 17:33 | Babou08 · wall_segment Palisade Wall x4 |
| 17:42 | ozcelik.huseyin · wall_segment Stone Wall x13 |
| 17:52 | Babou08 · wall_segment Palisade Wall x3 |
| 18:20 | PriPri · wall_segment Stone Wall x6 |
| 18:29 | Louis087577 · wall_segment Palisade Wall x6 |
| 18:39 | PriPri · wall_segment Stone Wall x6 |
| 18:59 | Babou08 · age_up castle |
| 19:04 | ozcelik.huseyin · wall_segment Palisade Wall x3 |
| 19:17 | PriPri · wall_segment Stone Wall x9 |
| 19:20 | ozcelik.huseyin · first_market_buy 100 food |
| 19:30 | Babou08 · wall_segment Palisade Wall x1 |
| 19:46 | Ted08 · wall_segment Stone Wall x7 |
| 21:10 | ozcelik.huseyin · wall_segment Stone Wall x14 |
| 22:11 | PriPri · wall_segment Stone Wall x8 |
| 22:13 | ozcelik.huseyin · age_up castle |
| 22:35 | Ted08 · age_up castle |
| 22:36 | PriPri · wall_segment Stone Wall x1 |
| 23:20 | Haerendeil · age_up castle |
| 23:30 | Louis087577 · age_up castle |
| 24:17 | ozcelik.huseyin · first_building Castle |
| 24:20 | PriPri · age_up castle |
| 25:06 | ozcelik.huseyin · wall_segment Stone Wall x23 |
| 25:53 | PriPri · first_building Monastery |
| 27:38 | ozcelik.huseyin · wall_segment Stone Wall x4 |
| 28:40 | PriPri · wall_segment Stone Wall x4 |
| 29:08 | PriPri · first_building Castle |
| 29:41 | Haerendeil · first_building Castle |
| 30:52 | Babou08 · wall_segment Palisade Wall x1 |
| 31:19 | ozcelik.huseyin · wall_segment Stone Wall x7 |
| 32:46 | Louis087577 · first_building Monastery |
| 32:51 | Babou08 · first_building Monastery |
| 33:07 | PriPri · wall_segment Stone Wall x1 |
| 33:34 | Ted08 · first_building Castle |
| 33:41 | ozcelik.huseyin · first_building Stable |
| 34:03 | Haerendeil · age_up imperial |
| 34:33 | Louis087577 · first_building Castle |
| 35:43 | ozcelik.huseyin · first_market_sell 100 stone |
| 35:52 | ozcelik.huseyin · age_up imperial |
| 37:09 | PriPri · wall_segment Stone Wall x9 |
| 37:16 | Louis087577 · age_up imperial |
| 37:16 | Babou08 · age_up imperial |
| 37:43 | Babou08 · first_building Stable |
| 37:48 | PriPri · wall_segment Stone Wall x9 |
| 39:42 | PriPri · wall_segment Stone Wall x1 |
| 39:43 | PriPri · wall_segment Stone Wall x1 |
| 39:53 | PriPri · wall_segment Stone Wall x4 |
| 40:01 | PriPri · wall_segment Stone Wall x7 |
| 41:10 | Haerendeil · first_market_sell 100 food |
| 41:14 | PriPri · wall_segment Stone Wall x1 |
| 41:21 | Babou08 · first_building Castle |
| 48:32 | ozcelik.huseyin · wall_segment Stone Wall x4 |
| 49:37 | PriPri · age_up imperial |
| 50:20 | Babou08 · resign |
[ AI ANALYSIS · 1 CREDIT ]
What really happened in this match?
Wolo.gg analyzes every decision: build order, eco, micro, common mistakes by bracket. Personalized analysis on WhatsApp or Discord in 30 seconds.
Civ guide
Franks
Map guide
Arabia
Perfil
Jugador #18763504